 Dungeon Crawl Stone Soup version 0.27.1-1-g398f81649c (webtiles) character file.

Game seed: 17961635912409244522

119 SibleyIrresistible the Gusty (level 5, -7/28 HPs)
             Began as a Tengu Air Elementalist on Sept 12, 2021.
             Mangled by Crazy Yiuf (18 damage)
             ... on level 4 of the Dungeon.
             The game lasted 00:12:58 (3253 turns).

SibleyIrresistible the Gusty (TeAE)                 Turns: 3253, Time: 00:12:59

Health: -7/28      AC:  2    Str:  9    XL:     5   Next: 3%
Magic:  4/9        EV: 14    Int: 16    God:
Gold:   208        SH:  0    Dex: 14    Spells: 7/8 levels left

rFire    . . .     SeeInvis +   j - +1 dagger (elec)
rCold    . . .     Faith    .   (no shield)
rNeg     . . .     Spirit   .   a - +0 robe
rPois    .         Reflect  .   (helmet restricted)
rElec    .         Harm     .   (no cloak)
rCorr    .         Rampage  .   (no gloves)
Will     .....                  (boots unavailable)
Stlth    ++........             (no amulet)
HPRegen  0.09/turn              c - ring of see invisible
MPRegen  0.11/turn              (no ring)

@: lethally poisoned (-7 -> -26), flying quickly and evasively, quick
A: beak, talons 3, nimble flight
a: no special abilities


You were on level 4 of the Dungeon.
You visited 1 branch of the dungeon, and saw 4 of its levels.

You collected 208 gold pieces.

Inventory:

Hand Weapons
 h - a +0 quarterstaff
 j - a +1 dagger of electrocution (weapon)
Armour
 a - a +0 robe (worn)
Jewellery
 c - a ring of see invisible (left hand)
 g - an amulet of faith
Wands
 b - a wand of iceblast (6)
Scrolls
 d - a scroll of amnesia {unknown}
 e - 2 scrolls of teleportation {unknown}
 f - 4 scrolls of identify {unknown}
 l - a scroll of blinking {unknown}
Potions
 i - a potion of haste {unknown}
 k - a potion of resistance


   Skills:
 - Level 2.1 Dodging
 - Level 2.0 Stealth
 - Level 2.0 Spellcasting
 - Level 1.3 Conjurations
 * Level 7.3 Air Magic


You had 7 spell levels left.
You knew the following spells:

 Your Spells              Type           Power      Damage    Failure   Level
a - Shock                 Conj/Air       60%        1d6       3%          1

Your spell library contained the following spells:

 Spells                   Type           Power      Damage    Failure   Level
 Swiftness                Air            25%        N/A       3%          3
 Static Discharge         Conj/Air       15%        N/A       5%          2
 Poisonous Vapours        Pois/Air       26%        N/A       7%          2
 Airstrike                Air            12%        N/A       10%         4
 Freeze                   Ice            4%         1d3       21%         1
 Sting                    Tmut/Pois      4%         1d3       21%         1
 Frozen Ramparts          Ice            2%         1d2       52%         3
 Hailstorm                Conj/Ice       3%         3d3       83%         4
 Olgreb's Toxic Radiance  Pois           1%         N/A       90%         4


Dungeon Overview and Level Annotations

Branches:
Dungeon (4/15)
 Temple: D:4-7

Altars:

Shops:
D:1 =

Annotations:
D:4 Crazy Yiuf


Innate Abilities, Weirdness & Mutations

You have a beak for a mouth.
You have claws for feet.
Your magical nature lets you fly swiftly and evasively.


Message History

The zap hits Crazy Yiuf but does no damage.
Casting: Shock (safe; 3% risk of failure)
Confirm with . or Enter, or press ? or * to list all spells.
Aiming: Shock (safe; 3% risk of failure)
Press: ? - help, Shift-Dir - straight line The zap misses Crazy Yiuf.
The zap hits Crazy Yiuf.
Crazy Yiuf is moderately wounded.
Casting: Shock (safe; 3% risk of failure)
Confirm with . or Enter, or press ? or * to list all spells.
Aiming: Shock (safe; 3% risk of failure)
Press: ? - help, Shift-Dir - straight line The zap hits Crazy Yiuf.
Crazy Yiuf is moderately wounded.
Casting: Shock (safe; 3% risk of failure)
Confirm with . or Enter, or press ? or * to list all spells.
Aiming: Shock (safe; 3% risk of failure)
Press: ? - help, Shift-Dir - straight line
Okay, then.
Casting: Shock (safe; 3% risk of failure)
Confirm with . or Enter, or press ? or * to list all spells.
Aiming: Shock (safe; 3% risk of failure)
Press: ? - help, Shift-Dir - straight line The zap hits Crazy Yiuf.
Crazy Yiuf is heavily wounded.
The zap hits Crazy Yiuf.
Crazy Yiuf is severely wounded.
Crazy Yiuf hits you with a +4 quarterstaff of chaos!
You are lethally poisoned!
Casting: Shock (safe; 3% risk of failure)
Confirm with . or Enter, or press ? or * to list all spells.
Aiming: Shock (safe; 3% risk of failure)
Press: ? - help, Shift-Dir - straight line The zap hits Crazy Yiuf.
Crazy Yiuf is severely wounded.
The zap misses Crazy Yiuf.
You feel very sick.
Crazy Yiuf laughs, "Gum alas verde!"
Crazy Yiuf hits you with a +4 quarterstaff of chaos!!
Ouch! That really hurt!
You die...

####### ###
###### ......#
#)..### ##P...##
......#
#...'g####P.....#
......#
#...##@.#..P....#
#....#### ###
###.#......#
..##....#
#######.##
.####...# #.#
###....###### #.#
##.....# #..# #.#
.....#.###..# #.#
#.####.##...# #.#
..# #.##.#.## #.#


You could see Crazy Yiuf.

Vanquished Creatures
  Ijyb (D:2)
  A howler monkey skeleton (D:4)
  An adder (D:2)
  An adder skeleton (D:4)
  A dart slug (D:4)
  2 orcs (D:3)
  5 bats
  5 endoplasms
  4 giant cockroaches
  7 hobgoblins
  8 jackals
  4 ball pythons
  3 frilled lizards (D:1)
  11 goblins
  5 kobolds
  2 rats
61 creatures vanquished.

Notes
Turn   | Place    | Note
-------+----------+-------------------------------------------
     0 | D:1      | SibleyIrresistible the Tengu Air Elementalist began the
                  | quest for the Orb.
     0 | D:1      | Reached XP level 1. HP: 10/10 MP: 4/4
    16 | D:1      | Found Nasejodd's Jewellery Shop.
   230 | D:1      | Reached XP level 2. HP: 15/15 MP: 4/6
   757 | D:1      | Reached skill level 5 in Air Magic
  1523 | D:2      | Reached XP level 3. HP: 19/19 MP: 4/7
  1918 | D:2      | Reached skill level 6 in Air Magic
  1935 | D:2      | Noticed Ijyb
  1956 | D:2      | Killed Ijyb
  1957 | D:2      | Reached XP level 4. HP: 7/24 MP: 0/8
  2691 | D:3      | Reached skill level 7 in Air Magic
  3211 | D:4      | Gained mutation: Your magical nature lets you fly swiftly
                  | and evasively. [Tengu growth]
  3211 | D:4      | Reached XP level 5. HP: 26/28 MP: 5/9
  3243 | D:4      | Found a runed translucent door.
  3244 | D:4      | Noticed Crazy Yiuf
  3253 | D:4      | Mangled by Crazy Yiuf

Illustrated notes

Levels and vault maps discovered:
D:1:      lightli_arrival_maybe_door_vault, layout_loops_corners, serial_shops,
          nicolae_shop_stone, corner_web_ring, roderic_lattice_a
D:2:      kennysheep_the_goblin_king, layout_loops_corners,
          chequers_serial_rivers_marsh, chequers_serial_rivers_micro_b,
          minmay_misc_feat_columns, hangedman_decor_slide_cut
D:3:      layout_rooms, kennysheep_cross_room, serial_bayou_pond_e
D:4:      layout_rooms, minmay_temple_entry_waves, grunt_ministairs_13,
          uniq_crazy_yiuf_cottage, uniq_ijyb

Skill      XL: |  1  2  3  4 |
---------------+-------------+-----
Air Magic      | 5 6 7 |  7.3
Dodging        | |  2.1
Stealth        | |  2.0
Spellcasting   | |  2.0
Conjurations   | |  1.3

Action                   |  1- 3 |  4- 6 || total
-------------------------+-------+-------++-------
Melee: Unarmed           |    11 |       ||    11
       Kick              |     4 |     2 ||     6
       Dagger            |     1 |    15 ||    16
 Cast: Shock             |    60 |    45 ||   105
  Use: Potion            |     4 |       ||     4
Armor: Robe              |     3 |     1 ||     4
       Skin              |     1 |     5 ||     6
Dodge: Dodged            |    11 |    10 ||    21
